 Dungeon Crawl Stone Soup version 0.31.0-9-g3a7656b989 (webtiles) character file.

Game seed: 17682800130616480243

74 qw the Shooter (level 4, -11/25 HPs)
             Began as a Deep Elf Hunter on Feb 2, 2024.
             Mangled by an ice beast (13 damage)
             ... on level 3 of the Dungeon.
             The game lasted 00:00:05 (1275 turns).

qw the Shooter (Deep Elf Hunter)                    Turns: 1275, Time: 00:00:06

Health: -11/25     AC:  4    Str: 10    XL:     4   Next: 10%
Magic:  6/6        EV: 12    Int: 14    God:
Gold:   58         SH:  0    Dex: 18    Spells: 3/3 levels left

rFire   . . .        a - +0 shortbow
rCold   . . .        (shield currently unavailable)
rNeg    . . .        c - +0 leather armour
rPois   .            (no helmet)
rElec   .            (no cloak)
rCorr   .            b - +0 pair of gloves {Stlth+}
SInv    .            (no boots)
Will    .....        (no amulet)
Stlth   +++          (no ring)
HPRegen 0.24/turn    (no ring)
MPRegen 0.10/turn

%: no passive effects
@: no status effects
A: no striking features
a: no special abilities


You were on level 3 of the Dungeon.
You visited 1 branch of the dungeon, and saw 3 of its levels.

You collected 58 gold pieces.


   Skills:
 - Level 1.5 Fighting
 + Level 7.5 Ranged Weapons
 - Level 2.4 Dodging
 - Level 1.2 Stealth


You had 3 spell levels left.
You didn't know any spells.
Your spell library was empty.

Inventory:

Hand Weapons
 a - a +0 shortbow (weapon)
Armour
 b - a +0 pair of gloves of stealth (worn)
 c - a +0 leather armour (worn)
Jewellery
 e - a +6 ring of dexterity
 h - an amulet of regeneration
Wands
 g - a wand of roots (5)
Potions
 d - a potion of enlightenment
 f - 2 potions of mutation

Dungeon Overview and Level Annotations

Branches:
Dungeon (3/15)

Altars:


Message History

e - a +6 ring of dexterity A frilled lizard comes into view.
You shoot an arrow.
The arrow completely misses the frilled lizard.
The frilled lizard hisses angrily.
You shoot an arrow. The arrow hits the frilled lizard!
You kill the frilled lizard!
g - a wand of roots (5)
You see here a frilled lizard corpse.
h - an amulet of regeneration
Found 5 stones.
An ice beast comes into view.
You shoot an arrow.
The arrow hits the ice beast but does no damage.
You shoot an arrow. The arrow hits the ice beast.
The ice beast is lightly wounded.
You shoot an arrow.
The arrow hits the ice beast but does no damage.
The ice beast is lightly wounded.
You shoot an arrow. The arrow hits the ice beast.
The ice beast is lightly wounded.
You shoot an arrow. The arrow hits the ice beast!
The ice beast is heavily wounded.
You shoot an arrow.
The arrow completely misses the ice beast.
You shoot an arrow. The arrow barely misses the ice beast.
The ice beast hits you. The ice beast freezes you.
You shoot an arrow. The arrow hits the ice beast.
The ice beast is severely wounded.
You hear the slow rusting of a very distant drain.
The ice beast closely misses you.
You shoot an arrow. The arrow closely misses the ice beast.
The ice beast misses you. The ice beast hits you. The ice beast freezes you!
Ouch! That really hurt!
You shoot an arrow. The arrow barely misses the ice beast.
The ice beast barely misses you.
You shoot an arrow. The arrow closely misses the ice beast.
The ice beast hits you. The ice beast freezes you!
Ouch! That really hurt!
You die...

#..# #..# #.#
#..# ... #..#
#.# #..# #.#
#..# #.# #..#
#.# #..#
####.#######
#..#
#...@Y......
#..#
#.##...#####
###..###.####.#
#........# .#
.....##.##### #
####. #.# # ###
## #### .# ##


You could see an ice beast.

Vanquished Creatures
  An adder (D:2)
  2 dart slugs
  5 bats
  6 endoplasms
  2 giant cockroaches (D:1)
  5 goblins
  9 hobgoblins
  2 quokkas (D:2)
  8 ball pythons
  6 frilled lizards
  7 kobolds
  3 rats
56 creatures vanquished.

Notes
Turn   | Place    | Note
-------+----------+-------------------------------------------
     0 | D:1      | qw the Deep Elf Hunter began the quest for the Orb.
     0 | D:1      | Reached XP level 1. HP: 12/12 MP: 3/3
     0 | D:1      | 0 ||| qw: Version: 0.3-a-155-g5e7d8dd
     0 | D:1      | 0 ||| qw: Game counter: 537
     0 | D:1      | 0 ||| qw: Melee chars always use a shield: true
     0 | D:1      | 0 ||| qw: God list: Okawaru
     0 | D:1      | 0 ||| qw: Allow faded altars: false
     0 | D:1      | 0 ||| qw: Do Orc after clearing Dungeon:15 true
     0 | D:1      | 0 ||| qw: Do second Lair branch before Depths: true
     0 | D:1      | 0 ||| qw: Lair rune preference: random
     0 | D:1      | 0 ||| qw: Goals: Normal
     0 | D:1      | 0 ||| PLANNING D:1-11
    48 | D:1      | Reached skill level 6 in Ranged Weapons
    48 | D:1      | Reached XP level 2. HP: 16/16 MP: 4/4
   194 | D:1      | Reached XP level 3. HP: 12/20 MP: 5/5
   510 | D:1      | 510 ||| READING scroll labelled TOEDUSY ITIQA.
   511 | D:1      | 511 ||| READING scroll labelled CUAPTADGHAECW.
   512 | D:1      | 512 ||| READING scroll labelled TIRRACR ERRI.
   516 | D:1      | 516 ||| READING 4 scrolls labelled BOIPHE LUSCH.
   516 | D:1      | 516 ||| IDENTIFYING golden potion
   517 | D:1      | 517 ||| READING 3 scrolls of identify.
   517 | D:1      | 517 ||| IDENTIFYING amethyst potion
   518 | D:1      | 518 ||| READING 2 scrolls of identify.
   518 | D:1      | 518 ||| IDENTIFYING sapphire potion
   519 | D:1      | 519 ||| READING scroll of identify.
   519 | D:1      | 519 ||| IDENTIFYING fuming emerald potion
   520 | D:1      | 520 ||| DRINKING 2 cyan potions.
   521 | D:1      | 521 ||| DROPPING scroll of butterflies.
   522 | D:1      | 522 ||| DROPPING potion of invisibility.
   523 | D:1      | 523 ||| DROPPING potion of magic.
   524 | D:1      | 524 ||| DROPPING potion of brilliance.
   613 | D:2      | Reached skill level 7 in Ranged Weapons
   749 | D:2      | Reached XP level 4. HP: 24/25 MP: 6/6
  1187 | D:2      | 1187 ||| UPGRADING to +0 pair of gloves of stealth.
  1192 | D:2      | 1192 ||| READING scroll labelled PAMPUA WOME.
  1224 | D:3      | 1224 ||| PLANNING SEWER
  1264 | D:3      | Noticed an ice beast
  1273 | D:3      | HP: 4/25 [ice beast (14)]
  1275 | D:3      | Mangled by an ice beast

Levels and vault maps discovered:
D:1:      dpeg_arrival_rooms_with_view, layout_rooms, st_stairs_11,
          grunt_decor_cap, corexii_leaking_fountain
D:2:      layout_loops_ring
D:3:      layout_loops_ring, portal_sewer_entry_b, reono_crystal_passage

Skill      XL: |  1  2  3 |
---------------+----------+-----
Ranged Weapons | 6 7 |  7.5
Fighting       | |  1.5
Dodging        | |  2.4
Stealth        | |  1.2

Action                     |  1- 3 |  4- 6 || total
---------------------------+-------+-------++-------
   Fire: Shortbow          |   112 |    24 ||   136
    Use: Scroll            |     7 |     1 ||     8
         Potion            |     1 |       ||     1
 Armour: Leather armour    |    15 |     5 ||    20
  Dodge: Dodged            |    12 |     4 ||    16

Table legend:
 A = Non-vault XP
 B = Vault XP
 C = Vault XP percentage of total XP
 D = Non-vault monster count
 E = Vault monster count
 F = Vault count percentage of total count
                 A         B        C        D         E       F
            +---------+---------+-------+---------+---------+-------
      Total |      96 |      11 |  10.3 |      50 |       6 |  10.7
            +---------+---------+-------+---------+---------+-------
        D:1 |      43 |      11 |  20.4 |      25 |       6 |  19.4
        D:2 |      52 |       0 |   0.0 |      24 |       0 |   0.0
        D:3 |       1 |       0 |   0.0 |       1 |       0 |   0.0
            +---------+---------+-------+---------+---------+-------
